 Dungeon Crawl Stone Soup version 0.23.2-1-ga50397a (webtiles) character file.

Game seed: 2919918683732973583

72 diana the Skirmisher (level 4, 26/35 HPs)
             Began as a Demonspawn Fighter on May 24, 2019.
             Quit the game on level 2 of the Dungeon.
             The game lasted 00:01:14 (809 turns).

diana the Skirmisher (Demonspawn Fighter)            Turns: 809, Time: 00:01:14

Health: 26/35      AC: 10    Str: 17    XL:     4   Next: 6%
Magic:  4/4        EV:  7    Int:  9    God:
Gold:   29         SH:  9    Dex: 15    Spells: 3/3 levels left

rFire    . . .     SeeInvis .   a - +0 war axe
rCold    . . .     Gourm    .   c - +0 shield
rNeg     . . .     Faith    .   b - +0 scale mail
rPois    .         Spirit   .   (helmet restricted)
rElec    .         Reflect  .   k - +2 cloak
rCorr    .         Harm     .   (no gloves)
MR       .....                  (no boots)
Stlth    +.........             (no amulet)
HPRegen  0.11/turn              (no ring)
MPRegen  0.09/turn              (no ring)

@: no status effects
A: antennae 1, thin skeletal structure 1, demonic guardian 1
a: no special abilities


You were on level 2 of the Dungeon.
You were not hungry.

You visited 1 branch of the dungeon, and saw 2 of its levels.

You collected 29 gold pieces.

Inventory:

Hand Weapons
 a - a +0 war axe (weapon)
Armour
 b - a +0 scale mail (worn)
 c - a +0 shield (worn)
 k - a +2 cloak (worn)
Jewellery
 j - an uncursed amulet of faith {unknown}
Scrolls
 e - 2 scrolls of amnesia {unknown}
 g - 3 scrolls of remove curse {unknown}
 h - 2 scrolls of magic mapping {unknown}
 i - a scroll of identify {unknown}
 l - a scroll of fear {unknown}
 o - a scroll of fog {unknown}
Potions
 d - a potion of might
 m - a potion of degeneration {unknown}
 n - 2 potions of resistance {unknown}
Comestibles
 f - 2 rations


   Skills:
 + Level 3.4 Fighting
 + Level 2.3 Axes
 + Level 3.2 Armour
 + Level 1.1 Dodging
 + Level 3.1 Shields


You had 3 spell levels left.
You didn't know any spells.
Your spell library was empty.

Dungeon Overview and Level Annotations

Branches:
Dungeon (2/15)

Altars:


Innate Abilities, Weirdness & Mutations

You have a pair of small antennae on your head.
You have a somewhat thin skeletal structure. (Dex +2, Stealth)
A weak demonic guardian rushes to your aid.


Message History

The adder hisses angrily.
A leopard gecko comes into view.
Your shield prevents you from hitting the adder.
The leopard gecko hisses angrily.
The adder barely misses you. The adder bites you.
There are monsters nearby!
Your shield and scale mail prevent you from hitting the adder.
The adder bites you. You block the adder's attack.
There are monsters nearby!
You slash the adder!
You kill the adder!
You have reached level 4!
You feel agile.
Your demonic ancestry asserts itself...
A pair of antennae grows on your head!
You slash the leopard gecko!
You kill the leopard gecko!
No target in view!
No target in view!
No target in view!
Are you sure you want to abandon this character and quit the game? (Confirm with "yes".)

..........# ..........#
#######
..........#########
#.....#
...........†......#
#.###.#
.......†..####.#..# #.#
#.# ......†...#%
####.####.###)#
######.##.#$.
#..#.....##.#
#.##.##..###.#.######.#
#.##.#...†@#.#.######.#
#.##.#.#.#.'.#.#......#
#.##.#########.#.######
#....>..<..# #.#.#
#.###.##.#.# #.#.#..
#.# #.#..#.# #.#.#.#
#.###.#.##.###.#.#.#
#.....#.##.....#.#.#
#.###.#.########.#.#


There were no monsters in sight!

Vanquished Creatures
  4 adders (D:2)
  A dart slug (D:1)
  3 leopard geckos
  A ball python (D:1)
  A giant cockroach (D:2)
  3 goblins
  6 hobgoblins (D:1)
  5 bats
  A frilled lizard (D:1)
  6 kobolds
  2 rats (D:1)
33 creatures vanquished.

Notes
Turn   | Place    | Note
-------+----------+-------------------------------------------
     0 | D:1      | diana the Demonspawn Fighter began the quest for the Orb.
     0 | D:1      | Reached XP level 1. HP: 18/18 MP: 1/1
   148 | D:1      | Gained mutation: A weak demonic guardian rushes to your
                  | aid. [demonic ancestry]
   148 | D:1      | Reached XP level 2. HP: 24/24 MP: 2/2
   676 | D:2      | Gained mutation: You have a somewhat thin skeletal
                  | structure. (Dex +2, Stealth) [demonic ancestry]
   676 | D:2      | Reached XP level 3. HP: 27/29 MP: 3/3
   777 | D:2      | Reached skill level 1 in Dodging
   807 | D:2      | Gained mutation: You have a pair of small antennae on your
                  | head. [demonic ancestry]
   807 | D:2      | Reached XP level 4. HP: 26/35 MP: 4/4
   809 | D:2      | Quit the game

Skill      XL: |  1  2  3 |
---------------+----------+-----
Axes           | 2 |  2.3
Armour         | 3 |  3.2
Shields        | 3 |  3.1
Dodging        | 1 |  1.1
Fighting       | |  3.4

Action                   |  1- 3 |  4- 6 || total
-------------------------+-------+-------++-------
Melee: War axe           |   104 |     1 ||   105
Armor: Scale mail        |    49 |       ||    49
Dodge: Dodged            |    37 |       ||    37
Block: Shield            |    54 |       ||    54
